 Dungeon Crawl Stone Soup version 0.31-a0-803-g95b03c3367 (webtiles) character file.

Game seed: 3620600981432035699

3101386 yegreS the Conqueror (level 21, 224/224 HPs)
             Began as a Minotaur Fighter on Sept 20, 2023.
             Was a High Priest of Cheibriados.
             Escaped with the Orb
             ... and 3 runes!
             The game lasted 00:26:28 (22735 turns).

yegreS the Conqueror (Minotaur Fighter)            Turns: 22735, Time: 00:26:29

Health: 224/224    AC: 60    Str: 39    XL:     21   Next: 27%
Magic:  27/29      EV: 17    Int: 15    God:    Cheibriados [*****.]
Gold:   921        SH:  0    Dex: 27    Spells: 20/20 levels left

rFire   . . .        a - +5 battleaxe (flame)
rCold   . . .        (shield currently unavailable)
rNeg    . . .        m - +12 crystal plate armour of the Lair of Beasts {Rampage Regen+ Str-4 Stlth+}
rPois   +            o - +1 hat "Vasy" {rPois Slay+2}
rElec   +            W - +1 cloak {rPois}
rCorr   .            i - +2 pair of gloves
SInv    .            H - +3 pair of boots of the Cartwright {rElec Regen+ Str+3}
Will    +++..        R - amulet of regeneration Stlth
                     s - ring of willpower
HPRegen 2.97/turn    N - +4 ring of protection
MPRegen 0.21/turn

%: rampage
@: studying Axes, very slow
A: horns 2, retaliatory headbutt, agile 1, strong-willed 1, inability to drink
after injury 2
0: Orb of Zot
}: 3/15 runes: serpentine, barnacled, abyssal
a: Renounce Religion, Bend Time, Temporal Distortion, Slouch, Step From Time


You escaped.
You worshipped Cheibriados.
Cheibriados was extremely pleased with you.
You visited 8 branches of the dungeon, and saw 40 of its levels.
You visited the Abyss 1 time.
You also visited: Sewer.

You collected 4067 gold pieces.
You spent 3146 gold pieces at shops.

Inventory:

Hand Weapons
 a - a +5 battleaxe of flaming (weapon)
 b - a +2 scimitar of distortion
 w - a +0 war axe
 F - a +0 broad axe
Missiles
 Y - 9 javelins {+f}
Armour
 i - a +2 pair of gloves (worn)
 j - a +2 buckler of resistance
 k - the +4 scale mail of the Immovable Dances {rF++ Will+ Slay+3 Stlth-}
   (You found it on level 2 of the Dungeon)

   Slay+3:    It affects your accuracy & damage with ranged weapons and melee
   (+3).
   rF++:      It greatly protects you from fire.
   Will+:     It increases your willpower.
   Stlth-:    It makes you less stealthy.
 m - the +12 crystal plate armour of the Lair of Beasts (worn) {Rampage Regen+ Str-4 Stlth+}
   (You acquired it on level 4 of the Dungeon)

   Str-4:     It affects your strength (-4).
   Regen+:    It increases your rate of health regeneration.
   Rampage:   It bestows one free step when moving towards enemies.
   Stlth+:    It makes you more stealthy.
   Cheibriados disapproves of the use of such an item.
 o - the +1 hat "Vasy" (worn) {rPois Slay+2}
   (You acquired it on level 4 of the Dungeon)

   Slay+2:    It affects your accuracy & damage with ranged weapons and melee
   (+2).
   rPois:     It protects you from poison
 H - the +3 pair of boots of the Cartwright (worn) {rElec Regen+ Str+3}
   (You acquired it in a sewer)

   Str+3:     It affects your strength (+3).
   rElec:     It insulates you from electricity.
   Regen+:    It increases your rate of health regeneration.
 U - a +0 cloak
 W - a +1 cloak of poison resistance (worn)
Jewellery
 p - a +6 ring of strength
 q - an amulet of reflection
 r - a ring of resist corrosion
 s - a ring of willpower (left hand)
 x - a ring of flight
 z - an amulet of faith
 G - the ring "Dostrori" {MP+9 Int+3 Stlth+}
   (You found it on level 9 of the Dungeon)

   [ring of magical power]

   Int+3:     It affects your intelligence (+3).
   MP+9:      It affects your magic capacity (+9).
   Stlth+:    It makes you more stealthy.
 N - a +4 ring of protection (right hand)
 R - an amulet of regeneration (around neck)
 X - a +6 ring of dexterity
Wands
 c - a wand of light (13)
 v - a wand of digging (15)
 M - a wand of mindburst (9)
Scrolls
 f - 9 scrolls of teleportation {@r3}
 l - 4 scrolls of poison
 n - 4 scrolls of immolation
 y - 3 scrolls of vulnerability
 C - a scroll of brand weapon
 E - a scroll of fog {@r2}
 L - 10 scrolls of identify {@r1}
Potions
 d - a potion of might {@q3}
 e - 3 potions of attraction
 g - a potion of ambrosia
 h - 5 potions of mutation
 t - 2 potions of enlightenment
 A - a potion of cancellation
 B - a potion of berserk rage
 O - a potion of resistance
 P - 2 potions of lignification
 Q - 2 potions of haste {@q5}
 T - a potion of curing {@q2}


   Skills:
 O Level 27 Fighting
 + Level 21.7 Axes
 O Level 27 Armour
 - Level 10.0 Dodging
 - Level 3.6 Shields
 - Level 12.0 Invocations


You had 20 spell levels left.
You didn't know any spells.
Your spell library contained the following spells:

 Spells                   Type           Power      Damage    Failure   Level
 Apportation              Tloc           0%         N/A       69%         1
 Freeze                   Ice            0%         1d3       69%         1
 Kiss of Death            Conj/Necr      0%         2d5       69%         1
 Magic Dart               Conj           0%         1d3       69%         1
 Necrotise                Necr           0%         1d4       69%         1
 Slow                     Hex            0%         N/A       69%         1
 Sting                    Tmut/Pois      0%         1d3       69%         1
 Summon Small Mammal      Summ           0%         N/A       69%         1
 Poisonous Vapours        Pois/Air       0%         N/A       83%         2
 Searing Ray              Conj           0%         2d4       83%         2
 Static Discharge         Conj/Air       0%         2-2/arc   83%         2
 Call Canine Familiar     Summ           0%         N/A       96%         3
 Confusing Touch          Hex            0%         N/A       96%         3
 Dazzling Flash           Conj/Hex       0%         N/A       96%         3
 Frozen Ramparts          Ice            0%         1d1       96%         3
 Hailstorm                Conj/Ice       0%         3d3       96%         3
 Ozocubu's Armour         Ice            0%         N/A       96%         3
 Sigil of Binding         Hex            0%         N/A       96%         3
 Summon Guardian Golem    Hex/Summ       0%         N/A       96%         3
 Vampiric Draining        Necr           0%         2d6       96%         3
 Volatile Blastmotes      Fire/Tloc      0%         2d10      96%         3
 Animate Dead             Necr           0%         N/A       100%        4
 Cause Fear               Hex            0%         N/A       100%        4
 Fulminant Prism          Conj/Hex       0%         3d5       100%        4
 Iskenderun's Mystic Bla  Conj/Tloc      0%         2d3       100%        4
 Olgreb's Toxic Radiance  Pois           0%         N/A       100%        4
 Petrify                  Tmut/Erth      0%         N/A       100%        4
 Summon Ice Beast         Ice/Summ       0%         N/A       100%        4
 Agony                    Necr           0%         N/A       100%        5
 Fireball                 Conj/Fire      0%         3d3       100%        5
 Metabolic Englaciation   Hex/Ice        0%         N/A       100%        5
 Silence                  Hex/Air        0%         N/A       100%        5
 Summon Forest            Summ/Tloc      0%         N/A       100%        5
 Summon Mana Viper        Hex/Summ       0%         N/A       100%        5
 Simulacrum               Ice/Necr       0%         N/A       100%        6
 Starburst                Conj/Fire      0%         6d3       100%        6
 Summon Cactus Giant      Summ           0%         N/A       100%        6
 Haunt                    Necr/Summ      0%         N/A       100%        7
 Orb of Destruction       Conj           0%         9d5       100%        7
 Ozocubu's Refrigeration  Ice            0%         4d7       100%        7
 Spellforged Servitor     Conj/Summ      0%         N/A       100%        7
 Borgnjor's Revivificati  Necr           0%         N/A       100%        8
 Infestation              Necr           0%         N/A       100%        8
 Death's Door             Necr           0%         N/A       100%        9
 Dragon's Call            Summ           0%         N/A       100%        9


Dungeon Overview and Level Annotations

Branches:
Dungeon (15/15)            Temple (1/1) D:4            Lair (5/5) D:8
 Shoals (4/4) Lair:3        Snake (4/4) Lair:2        Slime (0/5) Lair:4
    Orc (2/2) D:9             Elf (0/3) Orc:2        Depths (4/4) D:15
    Zot (5/5) Depths:4      Sewer (visited)
 Vaults: D:13-14

Altars:
Ashenzari
Cheibriados
Dithmenos
Elyvilon
Fedhas
Gozag
Hepliaklqana
Makhleb
Nemelex Xobeh
Okawaru
Qazlal
Ru
Sif Muna
Trog
Uskayaw
Vehumet
Wu Jian
Xom
Yredelemnul
Zin
The Shining One

Shops:
D:7 !   Orc:2 *[*(   Shoals:1 :   Snake:1 *(:(   Snake:2 *

Portals:
Hell: Depths:2 Depths:3
Abyss: Depths:2 Depths:3
Pandemonium: Depths:2 Depths:3
Ziggurat: Depths:4
Trove: D:10 (give +6 demon whip)

Annotations:
Lair:2 2 transporters, Tenar's ghost, journeyman DsCA
Snake:2 Roxanne
Depths:1 1 exclusion
Zot:3 24 runed doors
Zot:5 exclusion: orange crystal statue, Tiamat


Innate Abilities, Weirdness & Mutations

You have a pair of horns on your head.
You reflexively headbutt those who attack you in melee.
You are agile. (Dex +4, Str/Int -1)
You are strong-willed. (Will+)
You sometimes lose the ability to drink potions when taking damage.


Message History

No target in view!
No target in view!
No target in view!
There is a stone staircase leading up here.
You climb upwards.
HP restored.
There is a stone staircase leading down here.
There is a stone staircase leading up here.
You climb upwards.
There is a stone staircase leading down here.
There is a stone staircase leading up here.
You climb upwards.
There is a stone staircase leading down here.
A Kutiruer and a tormentor come into view.
You step out of the flow of time.
You return to the normal time flow.
Cheibriados lowers the support of your attributes as your movement quickens.
An Orb Guardian comes into view.
You hit the Orb Guardian but do no damage.
You headbutt the Orb Guardian!
The Orb Guardian is lightly wounded.
You slice the Orb Guardian!! You burn the Orb Guardian.
Your headbutt misses the Orb Guardian.
The Orb Guardian is heavily wounded.
The Orb Guardian misses you.
You completely miss the Orb Guardian.
The Orb Guardian is heavily wounded.
You slash the Orb Guardian! You burn the Orb Guardian.
You headbutt the Orb Guardian!
The Orb Guardian is almost dead.
The Orb Guardian barely misses you.
You hit the Orb Guardian. You burn the Orb Guardian.
You kill the Orb Guardian!
Cheibriados thoroughly appreciates the change of pace.
Your life force feels restored.
No target in view!
No target in view!
Aiming: Dig
Press: ? - help, Shift-Dir - straight line The rock shatters into small pieces.
There is a staircase leading out of the dungeon here.
You have escaped!

.># #~~~~~~~~~.....~~~~ #.#.## ..#
#~~~~~~~~~~~.~~~~~ #.#.# ###
#~PP♣P.P.♣♣~.~P♣ #.#.# #
#~♣♣P♣♣.P.♣~.~♣♣P♣.. #.#.# #
#~~~~~~~~~~~.~~~~~~~ #.#.##
#################'############.....
..............#.....#.....)........
#.###>...##.#.#...............##.##
..##..........#..@..#..............
..##.....##.#.#######..#...........
..##.....##................#.....##
........###.#....#..#..#.#.#.......
..##..#.###.#....#..#..#.#.#..##.##
......#.......................##...
......#..##.#.#..#..##.........#.#.
.........................###..##.#.
..#...........)....................


There were no monsters in sight!

Vanquished Creatures
  2 dread liches
  An orb of fire (Zot:5)
  2 ancient liches
  Sojobo (Depths:1)
  A Killer Klown (Zot:5)
  Vashnia (Snake:2)
  A caustic shrike (Depths:2)
  Jory (Depths:4)
  A curse toe (Zot:4)
  9 golden dragons
  Nikola (Shoals:2)
  A pearl dragon (Abyss:4)
  An electric golem (Zot:4)
  2 bone dragons (Zot:2)
  Rupert (Lair:5)
  An Ice Fiend (D:6)
  14 tentacled monstrosities
  Mlioglotl (Snake:1)
  18 Orb Guardians
  5 liches
  2 sphinxes
  10 death cobs
  Agnes (D:14)
  2 tentacled starspawn (Abyss:4)
  A kraken (Shoals:1)
  4 tengu reavers
  2 eldritch tentacles (Abyss:4)
  9 shadow dragons
  Gastronok (Lair:1)
  11 storm dragons
  Kirke (Shoals:1)
  Donald (Shoals:2)
  3 draconian monks
  4 nagarajas (Snake:4)
  The ghost of Vorhees the Metamorph, an adept DsMo of Gozag (Snake:1)
  A deep elf sorcerer (Depths:3)
  5 fire giants
  3 frost giants
  4 draconian knights
  2 draconian scorchers
  A balrug (D:4)
  A draconian shifter (Depths:4)
  Louise (Snake:1)
  A draconian annihilator (Zot:3)
  An ophan (Abyss:3)
  2 reapers (Depths:1)
  6 very ugly things
  3 wizards
  5 stone giants
  3 draconian stormcallers
  6 yellow draconians
  7 green draconians
  11 black draconians
  5 red draconians
  11 purple draconians
  2 spark wasps (Depths:2)
  6 white draconians
  Snorg (D:11)
  An ettin (Depths:2)
  A merfolk javelineer (Depths:1)
  Josephine (D:14)
  2 green deaths
  2 blizzard demons (Depths:1)
  5 fire dragons
  2 merfolk impalers
  A great orb of eyes (D:15)
  A yaktaur captain (Depths:4)
  2 ice dragons
  3 rakshasas
  9 hydras
  3 hell beasts
  Erolcha (D:12)
  6 anacondas
  3 salamander tyrants (Snake:4)
  4 centaur warriors (D:14)
  6 merfolk avatars
  5 merfolk aquamancers
  2 ogre magi (Orc:2)
  11 two-headed ogres
  A death knight (D:14)
  A spriggan skeleton (Abyss:4)
  A spriggan air mage (Depths:3)
  A catoblepas (Lair:5)
  An alligator snapping turtle (Shoals:4)
  8 death yaks
  A deep troll shaman (Depths:4)
  9 naga warriors
  6 deep troll earth magi
  An orc high priest (Orc:2)
  A spriggan berserker (Depths:3)
  A vampire mage (Depths:3)
  8 naga sharpshooters
  A tengu warrior (D:14)
  5 shock serpents
  A hell knight (Depths:4)
  5 sun demons
  6 soul eaters
  Nergalle (D:12)
  10 skysharks
  2 salamander mystics (Snake:4)
  2 sixfirhies
  An anaconda zombie (Abyss:4)
  9 skeletal warriors
  A glowing orange brain (Depths:1)
  10 deep trolls
  2 death drakes (Zot:2)
  5 sea snakes
  3 iron trolls
  4 naga ritualists
  2 flayed ghosts (Depths:2)
  2 phantasmal warriors (D:14)
  A spriggan simulacrum (Abyss:4)
  3 mana vipers (Snake:2)
  Pikel (D:6)
  A necromancer (Abyss:4)
  2 golden dragon skeletons (Zot:2)
  6 harpies
  3 orc knights
  3 orc sorcerers (Orc:1)
  3 deep elf pyromancers
  6 ugly things
  14 manticores
  2 fauns (Shoals:1)
  14 salamanders
  5 cyclopes
  An oklob plant (Lair:4)
  11 moths of wrath
  15 elephants
  8 merfolk sirens
  13 naga magi
  Joseph (D:7)
  21 black mambas
  3 gargoyles
  7 guardian serpents (Snake:4)
  2 rust devils (Depths:1)
  An orange demon (Depths:1)
  A smoke demon (Depths:1)
  A water nymph (Shoals:2)
  20 cane toads
  A torpor snail (shapeshifter) (D:15)
  Maggie (D:6)
  2 hellions
  Jeremiah (D:6)
  Psyche (D:12)
  5 rime drakes
  3 kobold demonologists (D:9)
  5 komodo dragons
  A tengu conjurer (D:14)
  A yaktaur (shapeshifter) (D:14)
  2 efreet
  A red devil (Depths:1)
  An ice devil (D:6)
  12 merfolk
  14 trolls
  A guardian mummy (Zot:2)
  2 wind drakes
  2 tyrant leeches (Lair:5)
  3 meliai (D:14)
  A raiju (Abyss:3)
  2 large abominations
  5 hellwings
  9 dream sheep
  25 blink frogs
  5 snapping turtles
  17 slime creatures
  Sigmund (D:6)
  6 wraiths
  3 wyverns
  3 ynoxinuls
  A fire elemental (D:9)
  2 vampires
  10 water elementals
  35 yaks
  9 vampire mosquitoes
  Grum (D:10)
  A redback (shapeshifter) (Depths:2)
  7 hogs (Shoals:1)
  2 steam dragons
  A chaos spawn (Depths:2)
  4 basilisks
  39 nagas
  2 wargs
  2 acid dragons (D:8)
  4 hell hounds (Depths:2)
  13 water moccasins
  2 black bears (D:8)
  15 orc warriors
  Duvessa (D:4)
  An ice beast (D:6)
  19 ogres
  13 wolves
  9 centaurs
  A lemure (D:6)
  5 kobold brigands
  19 bullfrogs
  A scorpion (D:4)
  3 small abominations
  12 wights
  Dowan (D:4)
  3 howler monkeys (D:8)
  2 electric eels (Lair:5)
  6 jellies
  2 orc priests
  4 hounds
  9 starcursed masses (Abyss:4)
  2 gnoll boudas
  Ijyb (D:4)
  6 iguanas
  13 orc wizards
  12 gnolls
  16 adders
  5 river rats
  A shadow imp (D:7)
  A white imp (D:7)
  2 ufetubi
  3 worms
  4 dart slugs
  36 orcs
  4 bats
  4 endoplasms
  5 giant cockroaches
  10 goblins
  4 hobgoblins
  2 jackals (Sewer)
  26 kobolds
  3 quokkas
  10 ball pythons
  4 frilled lizards
  4 rats
  4 starspawn tentacles (Abyss:4)
  4 tentacles (Shoals:1)
1141 creatures vanquished.

Vanquished Creatures (others)
  A frost giant (Depths:3)
  2 merfolk aquamancers (Shoals:4)
  A blink frog (Lair:5)
  6 starspawn tentacles (Abyss:4)
  4 tentacles (Shoals:1)
14 creatures vanquished.

Grand Total: 1155 creatures vanquished

Notes
Turn   | Place    | Note
-------+----------+-------------------------------------------
     0 | D:1      | yegreS the Minotaur Fighter began the quest for the Orb.
     0 | D:1      | Reached XP level 1. HP: 19/19 MP: 0/0
   102 | D:1      | Found a faded altar of an unknown god.
   665 | D:2      | Identified the +4 scale mail of the Immovable Dances {rF++
                  | Will+ Slay+3 Stlth-}
   693 | D:2      | Reached XP level 2. HP: 27/27 MP: 1/1
   841 | D:2      | Reached XP level 3. HP: 34/34 MP: 2/2
  1046 | D:2      | You fall into a shaft and drop 1 floor!
  1137 | D:3      | Reached XP level 4. HP: 39/41 MP: 3/3
  1185 | D:3      | Reached skill level 5 in Fighting
  1193 | D:3      | Noticed a charred statue
  1193 | D:3      | Found a radiant altar of Vehumet.
  1630 | D:4      | Identified 2 scrolls of acquirement
  1630 | D:4      | Acquired the +1 hat "Vasy" {rPois Slay+2}
  1631 | D:4      | Acquired the +12 crystal plate armour of the Lair of Beasts
                  | {Rampage Regen+ Str-4 Stlth+}
  1748 | D:4      | Noticed a scorpion
  1759 | D:4      | Killed a scorpion
  1760 | D:4      | Reached skill level 5 in Axes
  1760 | D:4      | Reached XP level 5. HP: 50/50 MP: 4/4
  1870 | D:4      | Noticed Ijyb
  1882 | D:4      | Killed Ijyb
  1949 | D:4      | Reached XP level 6. HP: 47/58 MP: 5/5
  2055 | D:4      | Found a staircase to the Ecumenical Temple.
  2075 | Temple   | Entered the Ecumenical Temple
  2118 | Temple   | Became a worshipper of Cheibriados the Contemplative
  2551 | D:4      | Reached XP level 7. HP: 66/66 MP: 6/6
  2781 | D:4      | Found an ornate altar of the Wu Jian Council.
  2792 | D:4      | Noticed Duvessa
  2794 | D:4      | Noticed Dowan
  2797 | D:4      | Killed Duvessa
  2802 | D:4      | Killed Dowan
  3026 | D:5      | Entered Level 5 of the Dungeon
  3228 | D:5      | Reached * piety under Cheibriados
  3365 | D:5      | Found a glowing drain.
  3369 | Sewer    | Entered a sewer
  3415 | Sewer    | Acquired 1191 gold pieces
  3482 | Sewer    | Acquired the +3 pair of boots of the Cartwright {rElec
                  | Regen+ Str+3}
  3492 | Sewer    | Reached ** piety under Cheibriados
  4190 | D:5      | Reached XP level 8. HP: 75/75 MP: 7/7
  4307 | D:6      | Reached skill level 5 in Armour
  4356 | D:6      | Found a burning altar of Makhleb.
  4498 | D:6      | Noticed Pikel
  4506 | D:6      | Killed Pikel
  4507 | D:6      | Reached skill level 10 in Fighting
  4507 | D:6      | Reached XP level 9. HP: 85/85 MP: 8/8
  4516 | D:6      | Noticed Maggie
  4523 | D:6      | Killed Maggie
  4653 | D:6      | Noticed Sigmund
  4653 | D:6      | Noticed Jeremiah
  4678 | D:7      | Noticed Joseph
  4686 | D:7      | Killed Joseph
  4687 | D:7      | Reached skill level 10 in Axes
  4735 | D:7      | Found Toap's Distillery.
  4748 | D:7      | Bought a potion of ambrosia for 88 gold pieces
  4748 | D:7      | Bought a potion of ambrosia for 88 gold pieces
  4748 | D:7      | Bought a potion of berserk rage for 55 gold pieces
  4748 | D:7      | Bought a potion of mutation for 88 gold pieces
  4748 | D:7      | Bought a potion of might for 44 gold pieces
  4857 | D:7      | Reached *** piety under Cheibriados
  5329 | D:8      | Found a transporter.
  5372 | D:8      | Found a glowing silver altar of Zin.
  5406 | D:8      | Reached XP level 10. HP: 96/96 MP: 9/9
  5515 | D:8      | Found a shadowy altar of Dithmenos.
  5520 | D:8      | Found a hide-covered altar of Uskayaw.
  5577 | D:8      | Found a staircase to the Lair.
  5736 | D:8      | Found a transporter.
  5909 | D:9      | Found a staircase to the Orcish Mines.
  5913 | D:9      | Identified the ring "Dostrori" {MP+9 Int+3 Stlth+}
  5966 | D:9      | Noticed a sixfirhy
  5972 | D:9      | Reached **** piety under Cheibriados
  5975 | D:9      | Reached skill level 1 in Invocations
  5979 | D:9      | Found an iron altar of Okawaru.
  5985 | D:9      | Found a burning altar of Makhleb.
  6073 | D:9      | Reached skill level 10 in Armour
  6130 | D:9      | Found a sparkling altar of Nemelex Xobeh.
  6143 | D:9      | Noticed a manticore
  6147 | D:9      | Killed a manticore
  6180 | D:9      | Noticed a deep elf pyromancer
  6191 | D:9      | Killed a deep elf pyromancer
  6217 | D:9      | Noticed a gargoyle
  6221 | D:9      | Killed a gargoyle
  6260 | D:9      | Reached XP level 11. HP: 105/105 MP: 12/12
  6422 | D:9      | Found an opulent altar of Gozag.
  6424 | D:9      | Found a stormy altar of Qazlal.
  6677 | D:10     | Entered Level 10 of the Dungeon
  6796 | D:10     | Noticed Grum
  6806 | D:10     | Killed Grum
  6861 | D:10     | Found a portal to a secret trove of treasure.
  7298 | D:11     | Noticed a two-headed ogre
  7304 | D:11     | Killed a two-headed ogre
  7305 | D:11     | Reached skill level 5 in Invocations
  7343 | D:11     | Noticed Snorg
  7349 | D:11     | Killed Snorg
  7533 | D:11     | Noticed a skeletal warrior
  7533 | D:11     | Noticed a skeletal warrior
  7534 | D:11     | Noticed a skeletal warrior
  7534 | D:11     | Noticed a skeletal warrior
  7534 | D:11     | Noticed a skeletal warrior
  7537 | D:11     | Killed a skeletal warrior
  7599 | D:11     | Killed a skeletal warrior
  7600 | D:11     | Killed a skeletal warrior
  7602 | D:11     | Killed a skeletal warrior
  7609 | D:11     | Killed a skeletal warrior
  7610 | D:11     | Reached XP level 12. HP: 105/116 MP: 5/15
  7821 | D:12     | Noticed Psyche
  7832 | D:12     | Noticed Erolcha
  8078 | Lair:1   | Entered Level 1 of the Lair of Beasts
  8147 | Lair:1   | Noticed Gastronok
  8157 | Lair:1   | Killed Gastronok
  8236 | Orc:1    | Entered Level 1 of the Orcish Mines
  8451 | Orc:2    | Entered Level 2 of the Orcish Mines
  8580 | Orc:2    | Noticed a two-headed ogre
  8582 | Orc:2    | Noticed a two-headed ogre
  8582 | Orc:2    | Noticed a two-headed ogre
  8584 | Orc:2    | Noticed a two-headed ogre
  8585 | Orc:2    | Noticed a two-headed ogre
  8585 | Orc:2    | Noticed an ogre mage
  8587 | Orc:2    | Noticed a two-headed ogre
  8587 | Orc:2    | Killed a two-headed ogre
  8589 | Orc:2    | Reached skill level 15 in Fighting
  8590 | Orc:2    | Killed a two-headed ogre
  8590 | Orc:2    | Killed a two-headed ogre
  8590 | Orc:2    | Killed a two-headed ogre
  8590 | Orc:2    | Killed an ogre mage
  8590 | Orc:2    | Killed a two-headed ogre
  8590 | Orc:2    | Killed a two-headed ogre
  8591 | Orc:2    | Reached XP level 13. HP: 127/127 MP: 1/18
  8600 | Orc:2    | Reached skill level 15 in Axes
  9112 | Orc:2    | Found a staircase to the Elven Halls.
  9117 | Orc:2    | Found Fumuh's Assorted Antiques.
  9118 | Orc:2    | Found Xeajeugo's Antique Weapon Boutique.
  9122 | Orc:2    | Found Biubb's Antique Armour Shoppe.
  9131 | Orc:2    | Found Ythoq's General Store.
  9142 | Orc:2    | Bought a potion of heal wounds for 85 gold pieces
  9142 | Orc:2    | Bought a scroll of fog for 68 gold pieces
  9846 | Lair:2   | Found a transporter.
  9848 | Lair:2   | Noticed Tenar's ghost (journeyman DsCA)
  9875 | Lair:2   | Found a transporter.
 10343 | Lair:2   | Found a staircase to the Snake Pit.
 10708 | Lair:3   | Reached XP level 14. HP: 84/138 MP: 14/20
 10711 | Lair:3   | Reached skill level 10 in Invocations
 10758 | Lair:3   | Reached skill level 15 in Armour
 11358 | Lair:3   | Found a staircase to the Shoals.
 11634 | Lair:4   | Found a staircase to the Slime Pits.
 11674 | Lair:5   | Entered Level 5 of the Lair of Beasts
 11700 | Lair:5   | Reached ***** piety under Cheibriados
 12156 | Lair:5   | Noticed Rupert
 12162 | Lair:5   | Killed Rupert
 12796 | Shoals:1 | Entered Level 1 of the Shoals
 12796 | Shoals:1 | Noticed Kirke
 12801 | Shoals:1 | Reached XP level 15. HP: 147/147 MP: 11/22
 12803 | Shoals:1 | Killed Kirke
 12940 | Shoals:1 | Reached skill level 1 in Dodging
 12978 | Shoals:1 | Found Urom's Self-Improvement Boutique.
 13193 | Shoals:1 | Noticed a kraken
 13199 | Shoals:1 | Killed a kraken
 13235 | Shoals:1 | Bought a manual of Axes for 1200 gold pieces
 13235 | Shoals:1 | Bought a manual of Axes for 1200 gold pieces
 13304 | Shoals:2 | Noticed Donald
 13308 | Shoals:2 | Noticed Nikola
 13309 | Shoals:2 | Killed Donald
 13323 | Shoals:2 | Killed Nikola
 13411 | Shoals:4 | Entered Level 4 of the Shoals
 13644 | Shoals:4 | Identified the +3 arbalest "Zocsacul" {heavy, rF+ rC++
                  | Will+ Str+2}
 13676 | Shoals:4 | Reached skill level 5 in Dodging
 13690 | Shoals:4 | Got a barnacled rune of Zot
 13867 | Snake:1  | Entered Level 1 of the Snake Pit
 13867 | Snake:1  | Noticed Louise
 13874 | Snake:1  | Killed Louise
 13893 | Snake:1  | Reached XP level 16. HP: 159/159 MP: 24/24
 13920 | Snake:1  | Found Ytiogelucs's Weapon Shoppe.
 14026 | Snake:1  | Noticed Mlioglotl
 14028 | Snake:1  | Noticed an ancient lich
 14033 | Snake:1  | Killed Mlioglotl
 14117 | Snake:1  | Found Voypuin's Book Shoppe.
 14183 | Snake:1  | Found a runed translucent door.
 14191 | Snake:1  | Found Sorchoiru's Antique Weapon Boutique.
 14255 | Snake:1  | Found Veqeumn's General Store.
 14429 | Snake:1  | Noticed Vorhees's ghost (adept DsMo)
 14444 | Snake:1  | Killed Vorhees's ghost
 14462 | Snake:2  | Noticed Roxanne
 14470 | Snake:2  | Noticed Vashnia
 14514 | Snake:2  | Killed Vashnia
 14701 | Snake:2  | Found Anufibon's Assorted Antiques.
 14710 | Snake:2  | Bought a potion of heal wounds for 230 gold pieces
 14903 | Snake:4  | Entered Level 4 of the Snake Pit
 15178 | Snake:4  | Reached XP level 17. HP: 170/170 MP: 25/25
 15215 | Snake:4  | Identified the +7 flail "Fuataf" {freeze, rPois rF++ Dex+3}
 15573 | Snake:4  | Got a serpentine rune of Zot
 16039 | D:12     | Killed Erolcha
 16096 | D:12     | Killed Psyche
 16407 | D:12     | Noticed Nergalle
 16412 | D:12     | Killed Nergalle
 16570 | D:14     | Noticed Josephine
 16573 | D:14     | Killed Josephine
 16620 | D:14     | Reached skill level 10 in Dodging
 16911 | Abyss:3  | Cast into level 3 of the Abyss (unwielding a weapon of
                  | distortion)
 16963 | Abyss:3  | Found a broken altar of Ashenzari.
 16966 | Abyss:4  | Found a corrupted altar of Lugonu.
 16969 | Abyss:4  | Found a corrupted altar of Lugonu.
 16990 | Abyss:4  | Noticed a tentacled monstrosity
 16999 | Abyss:4  | Killed a tentacled monstrosity
 17001 | Abyss:4  | Paralysed by accursed screaming for 1 turns
 17018 | Abyss:4  | Got an abyssal rune of Zot
 17036 | Abyss:4  | Noticed a pearl dragon
 17053 | Abyss:4  | Killed a pearl dragon
 17079 | Orc:2    | Escaped the Abyss
 17279 | D:15     | Entered Level 15 of the Dungeon
 17585 | D:14     | Noticed Agnes
 17596 | D:14     | Killed Agnes
 17793 | D:14     | Found a broken altar of Ashenzari.
 17930 | D:15     | Found a burning altar of Makhleb.
 17985 | D:15     | Paralysed by a great orb of eyes for 2 turns
 18000 | D:15     | Found a staircase to the Depths.
 18057 | Depths:1 | Entered Level 1 of the Depths
 18064 | Depths:1 | Noticed Sojobo
 18076 | Depths:1 | Killed Sojobo
 18094 | Depths:1 | Noticed a sphinx
 18099 | Depths:1 | Killed a sphinx
 18114 | Depths:1 | Found a glowing silver altar of Zin.
 18189 | Depths:1 | Reached XP level 18. HP: 138/184 MP: 20/26
 18274 | Depths:1 | Noticed a lich
 18284 | Depths:1 | Killed a lich
 18297 | Depths:2 | Found a one-way gate to the infinite horrors of the Abyss.
 18424 | Depths:2 | Identified the +3 scale mail "Itsut" {Will+ Dex+2}
 18439 | Depths:2 | Noticed a tentacled monstrosity
 18445 | Depths:2 | Killed a tentacled monstrosity
 18446 | Depths:2 | Noticed a golden dragon
 18452 | Depths:2 | Killed a golden dragon
 18476 | Depths:2 | Noticed a golden dragon
 18491 | Depths:2 | Killed a golden dragon
 18584 | Depths:2 | Found a gateway to Hell.
 18584 | Depths:2 | Noticed a lich
 18593 | Depths:2 | Killed a lich
 18624 | Depths:2 | Noticed a caustic shrike
 18634 | Depths:2 | Killed a caustic shrike
 18727 | Depths:2 | Identified the +4 hand axe "Xeisoros" {flame, Int+2}
 19220 | Depths:2 | Found a one-way gate leading to the halls of Pandemonium.
 19270 | Depths:3 | Noticed a golden dragon
 19270 | Depths:3 | Noticed a lich
 19270 | Depths:3 | Noticed a juggernaut
 19270 | Depths:3 | Noticed a walking earthen tome
 19270 | Depths:3 | Noticed a walking crystal tome
 19270 | Depths:3 | Noticed a lich
 19274 | Depths:2 | Killed a lich
 19821 | Depths:4 | Entered Level 4 of the Depths
 19834 | Depths:4 | Noticed Jory
 19848 | Depths:4 | Killed Jory
 19849 | Depths:4 | Reached XP level 19. HP: 133/198 MP: 27/27
 20002 | Depths:4 | Found a one-way gateway to a ziggurat.
 20042 | Depths:4 | Found a gate to the Realm of Zot.
 20066 | Zot:1    | Entered Level 1 of the Realm of Zot
 20105 | Zot:1    | Noticed a golden dragon
 20116 | Zot:1    | Killed a golden dragon
 20369 | Zot:2    | Noticed a golden dragon
 20374 | Zot:2    | Killed a golden dragon
 20582 | Zot:2    | Noticed a dread lich
 20588 | Zot:2    | Killed a dread lich
 20594 | Zot:2    | Noticed a bone dragon
 20613 | Zot:2    | Killed a bone dragon
 20618 | Zot:2    | Noticed a bone dragon
 20628 | Zot:2    | Killed a bone dragon
 20814 | Zot:2    | Noticed an ancient lich
 20824 | Zot:2    | Killed an ancient lich
 21099 | Zot:3    | Noticed a golden dragon
 21106 | Zot:3    | Killed a golden dragon
 21179 | Zot:3    | Noticed an ancient lich
 21180 | Zot:3    | Noticed a dread lich
 21193 | Zot:3    | Killed a dread lich
 21194 | Zot:3    | Reached XP level 20. HP: 146/211 MP: 18/28
 21198 | Zot:3    | Killed an ancient lich
 21268 | Zot:3    | Noticed a golden dragon
 21280 | Zot:3    | Killed a golden dragon
 21397 | Zot:3    | Noticed a golden dragon
 21409 | Zot:3    | Killed a golden dragon
 21447 | Zot:3    | Got a lithographed book
 21477 | Zot:3    | Found a huge runed gate.
 21477 | Zot:3    | Found a huge runed gate.
 21477 | Zot:3    | Found a huge runed gate.
 21477 | Zot:3    | Found a huge runed gate.
 21477 | Zot:3    | Found a huge runed gate.
 21477 | Zot:3    | Found a huge runed gate.
 21477 | Zot:3    | Found a huge runed gate.
 21477 | Zot:3    | Found a huge runed gate.
 21477 | Zot:3    | Found a huge runed gate.
 21477 | Zot:3    | Found a huge runed gate.
 21485 | Zot:3    | Found a huge runed gate.
 21485 | Zot:3    | Found a huge runed gate.
 21513 | Zot:3    | Found a huge runed gate.
 21513 | Zot:3    | Found a huge runed gate.
 21513 | Zot:3    | Found a huge runed gate.
 21513 | Zot:3    | Found a huge runed gate.
 21513 | Zot:3    | Found a huge runed gate.
 21513 | Zot:3    | Found a huge runed gate.
 21513 | Zot:3    | Found a huge runed gate.
 21513 | Zot:3    | Found a huge runed gate.
 21514 | Zot:3    | Found a huge runed gate.
 21525 | Zot:3    | Found a huge runed gate.
 21526 | Zot:3    | Found a huge runed gate.
 21543 | Zot:3    | Found a huge runed gate.
 21566 | Zot:4    | Noticed a curse toe
 21584 | Zot:4    | Killed a curse toe
 21649 | Zot:4    | Noticed a golden dragon
 21661 | Zot:4    | Killed a golden dragon
 21869 | Zot:5    | Entered Level 5 of the Realm of Zot
 21915 | Zot:5    | Noticed a golden dragon
 21921 | Zot:5    | Killed a golden dragon
 21925 | Zot:5    | Found the +4 dragonskin cloak
 21925 | Zot:5    | Noticed Tiamat
 21928 | Zot:5    | Noticed a Killer Klown
 21929 | Zot:5    | Noticed a Killer Klown
 21929 | Zot:5    | Noticed an orb of fire
 21929 | Zot:5    | Noticed an ancient lich
 21930 | Zot:5    | Noticed a Killer Klown
 21931 | Zot:5    | Noticed an ancient lich
 21958 | Zot:5    | Gained mutation: You occasionally lose the ability to drink
                  | potions when taking damage. [an orb of fire]
 21963 | Zot:5    | HP: 8/215 [Orb Guardian (22)]
 21963 | Zot:5    | HP: 3/215 [Orb Guardian (5)]
 21964 | Zot:5    | Noticed a Killer Klown
 21971 | Zot:5    | Noticed a curse toe
 22013 | Zot:5    | Noticed a Killer Klown
 22020 | Zot:5    | Killed a Killer Klown
 22034 | Zot:5    | Reached skill level 27 in Fighting
 22041 | Zot:5    | Noticed an orb of fire
 22044 | Zot:5    | Gained mutation: Armour fits poorly on your strangely
                  | shaped body. [an orb of fire]
 22045 | Zot:5    | Gained mutation: You occasionally lose the ability to read
                  | scrolls when taking damage. [an orb of fire]
 22046 | Zot:5    | Gained mutation: You are agile. (Dex +4, Str/Int -1) [an
                  | orb of fire]
 22056 | Zot:5    | Killed an orb of fire
 22086 | Zot:5    | Reached XP level 21. HP: 155/224 MP: 29/29
 22099 | Zot:5    | Got the Orb of Zot
 22103 | Zot:5    | Noticed an orb of fire
 22113 | Zot:5    | Gained mutation: You sometimes lose the ability to drink
                  | potions when taking damage. [an orb of fire]
 22141 | Zot:4    | Reached skill level 27 in Armour
 22173 | Zot:3    | Lost mutation: Armour fits poorly on your strangely shaped
                  | body. [potion of mutation]
 22173 | Zot:3    | Lost mutation: You occasionally lose the ability to read
                  | scrolls when taking damage. [potion of mutation]
 22173 | Zot:3    | Gained mutation: You are strong-willed. (Will+) [potion of
                  | mutation]
 22567 | D:6      | Killed Jeremiah
 22570 | D:6      | Killed Sigmund
 22710 | D:1      | Noticed Kutiruer the pandemonium lord
 22735 | D:$      | Escaped with the Orb!

Illustrated notes

Levels and vault maps discovered:
D:1:      lightli_arrival_farm, layout_basic,
          shapermc_ecumenical_altar_starsandcircs
D:2:      layout_basic, hex_intersection
D:3:      layout_rooms, vehumet_statue, hangedman_decor_peaks_small
D:4:      minmay_polygon_palace, layout_layer_cave,
          pdpol_wu_jian_five_deadly_venoms, minmay_temple_entry_slanted,
          uniq_ijyb, uniq_duvessa
D:5:      layout_basic, marbit_many_paths, portal_sewer_entry_e
D:6:      layout_layer_cave, minmay_ruined_shrine, uniq_jeremiah, uniq_pikel,
          uniq_maggie, uniq_sigmund
D:7:      layout_loops_ring, serial_shops, nicolae_shop_industrial_runoff,
          kennysheep_nub, uniq_joseph
D:8:      gammafunk_cloud_chamber, layout_basic, overflow_temple_1_default,
          grunt_temple_overflow_open, minmay_lair_entry_grove
D:9:      layout_loops_ring, gammafunk_temple_overflow_forgotten,
          amcnicky_altar_gilded, mainiacjoe_overflow_boulevard, orc_0_dummy,
          st_stairs_6, dilly_guarded_unrand_elemental_staff
D:10:     layout_small_grid, nicolae_trove_entry_columns, uniq_grum
D:11:     layout_roguey, uniq_snorg
D:12:     layout_basic, uniq_nergalle, uniq_erolcha, uniq_psyche
D:13:     layout_stronghold
D:14:     layout_roguey, grunt_vaults_entry_fortified, minmay_crystal_room,
          ashenzari_conservatory_becter, uniq_agnes, uniq_josephine
D:15:     gammafunk_enter_depths_forms, layout_small_grid,
          gammafunk_ghost_spectres, basic_altar, bloody_makhleb
Temple:   minmay_temple_curvy_loop
Lair:1:   layout_misc_corridors, chequers_serial_rivers_micro_e, uniq_gastronok
Lair:2:   layout_gridlike, alex1729_snake_entry_snake, gammafunk_ghost_arena
Lair:3:   layout_regular_city, elwin_shoals_entry_rooms
Lair:4:   layout_hall_layers, slime_entry_1, minmay_lair_oklob_bushes,
          grunt_megastairs_5, serial_bayou_shore_a
Lair:5:   minmay_lair_end_frog_pond, layout_cave_pods, uniq_rupert
Shoals:1: layout_shoals, nicolae_shop_self_help, uniq_kirke
Shoals:2: layout_shoals, yaktaur_hedge, uniq_jorgrun, uniq_nikola, uniq_donald,
          uniq_ilsuiw
Shoals:3: layout_shoals
Shoals:4: shoals_end_simple, layout_shoals, ebering_ghost_disaster_area,
          nicolae_shoals_kraken_party
Snake:1:  layout_rooms, gammafunk_ghost_grave, serial_shops, shop,
          nicolae_shop_bloodbath_and_beyond, shop, shop, uniq_mlioglotl,
          uniq_louise
Snake:2:  nicolae_snake_unarmed_stairs_patrol, layout_grid_shapes, serial_shops,
          nicolae_shop_statue_plus, grunt_ministairs_2, uniq_roxanne,
          uniq_vashnia, uniq_azrael
Snake:3:  layout_cave_pods, grunt_megastairs_2
Snake:4:  grunt_snake_rune_serpentine_throne, layout_rooms
Orc:1:    layout_caves, gammafunk_ghost_necromancy
Orc:2:    st_orc_open, layout_diamond_mine, nicolae_orc_flooded_monolith
Depths:1: layout_gridlike, good_gods_temple_1, grunt_hell_entry_demonic_statue,
          skrybe_limestone_x, minmay_pinched_square, uniq_norris,
          uniq_enchantress, uniq_sojobo
Depths:2: minmay_textured_paths, layout_cave_pools, rand_demon_pan_entry_4,
          special_room [special_room_mythical_zoo], hell_entry,
          abyss_entry_glasseish, chequers_serial_rivers_marsh
Depths:3: minmay_connected_triangles_in_corner, layout_gridlike,
          kennysheep_doodads, nicolae_abyss_entry_one_way_or_another,
          pf_coc_iceberg, pan_entry, kennysheep_another_room
Depths:4: grunt_zot_entry_tricorne, layout_gridlike, enter_ziggurat_f,
          gammafunk_ghost_icy, pf_vacation_house_of_asmodeus, fedhas_altar_2,
          uniq_jory
Zot:1:    layout_gridville
Zot:2:    hangedman_snap_crack_crunch, layout_cathedral_of_symmetry
Zot:3:    hellmonk_crystal_mountain, layout_gridlike, door_vault, uniq_grunn
Zot:4:    layout_gridlike, zot_minivault_5
Zot:5:    layout_misc_corridors, uniq_tiamat

Skill      XL: |  1  2  3  4  5  6  7  8  9 10 11 12 13 14 15 16 17 18 19 20 21 |
---------------+----------------------------------------------------------------+-----
Fighting       | 4 5 6 7 8 10 11 12 13 15 16 17 18 20 21 23 25 27 | 27.0
Axes           | 3 4 5 6 8 9 11 12 13 14 16 17 19 20 21 | 21.7
Armour         | 4 7 9 10 12 13 14 16 17 18 20 22 24 26 27 | 27.0
Invocations    | 3 6 8 9 11 12 | 12.0
Dodging        | 5 9 10 | 10.0
Shields        | |  3.6

Action                     |  1- 3 |  4- 6 |  7- 9 | 10-12 | 13-15 | 16-18 | 19-21 || total
---------------------------+-------+-------+-------+-------+-------+-------+-------++-------
  Melee: War axe           |    39 |    97 |   193 |       |       |       |       ||   329
         Headbutt          |     7 |    13 |    36 |    61 |   148 |   226 |   209 ||   700
         Broad axe         |       |       |    16 |    67 |       |       |       ||    83
         Battleaxe         |       |       |       |   228 |   629 |   834 |   631 ||  2322
         Unarmed           |       |       |       |     1 |       |       |       ||     1
 Invoke: Slouch            |       |       |       |     5 |     7 |    10 |     5 ||    27
         Temporal Distorti |       |       |       |     1 |       |       |       ||     1
         Step From Time    |       |       |       |       |       |       |     1 ||     1
  Evoke: Wand              |       |       |       |       |       |     4 |     1 ||     5
    Use: Scroll            |     1 |     5 |     7 |     9 |     8 |     3 |    12 ||    45
         Potion            |       |     2 |     1 |     4 |     4 |    10 |    23 ||    44
   Stab: Invisible         |       |       |       |       |     2 |       |    10 ||    12
 Armour: Scale mail        |    26 |     8 |       |       |       |       |       ||    34
         Crystal plate arm |       |    86 |   223 |   538 |   899 |   907 |   985 ||  3638
         Skin              |       |       |       |     7 |       |       |       ||     7
  Dodge: Dodged            |    20 |    18 |    53 |   122 |   313 |   509 |   506 ||  1541
  Block: Buckler           |     9 |    19 |    41 |    26 |       |       |       ||    95

Table legend: (Time is in decaauts)
 A = Elapsed time spent in this place.
 B = Non-inter-level travel time spent in this place.
 C = Inter-level travel time spent in this place.
 D = Time resting spent in this place.
 E = Time spent auto-exploring this place.
 F = Levels seen in this place.
 G = Mean time per level.
                   A        B        C        D        E       F      G
               +--------+--------+--------+--------+--------+-----+--------+
         Total |  33338 |  28845 |   4493 |    307 |  22806 |  43 |  775.3 |
       Dungeon |  13824 |  11723 |   2101 |    159 |   9727 |  15 |  921.6 |
        Temple |     95 |      4 |     91 |      0 |      0 |   1 |   95.0 |
          Lair |   6072 |   5447 |    625 |      0 |   4692 |   5 | 1214.4 |
        Shoals |   1446 |   1261 |    185 |      0 |    796 |   4 |  361.5 |
     Snake Pit |   2786 |   2425 |    361 |     17 |   1848 |   4 |  696.5 |
  Orcish Mines |   1835 |   1502 |    333 |      0 |   1274 |   2 |  917.5 |
        Depths |   3090 |   2547 |    543 |    119 |   1821 |   4 |  772.5 |
           Zot |   3106 |   2854 |    252 |     12 |   1898 |   5 |  621.2 |
         Abyss |    199 |    199 |      0 |      0 |     41 |   2 |   99.5 |
         Sewer |    881 |    881 |      0 |      0 |    704 |   1 |  881.0 |
               +--------+--------+--------+--------+--------+-----+--------+

Top non-repeatable levels by time:
     D:4: 1737 daAuts
Depths:2: 1605 daAuts
  Lair:5: 1595 daAuts
  Lair:2: 1544 daAuts
     D:9: 1464 daAuts
  Lair:3: 1463 daAuts
   Orc:2: 1460 daAuts
    D:12: 1316 daAuts
   Zot:2: 1214 daAuts
    D:14: 1180 daAuts
 Snake:4: 1137 daAuts
     D:8: 1095 daAuts
  Lair:1: 1084 daAuts
     D:7: 1030 daAuts
    D:10: 1019 daAuts
